 Dungeon Crawl Stone Soup version 0.28-a0-906-g0406aca7d3 (webtiles) character file.

Game seed: 11074809434428939563

51 vurker the Gusty (level 3, 15/15 HPs)
             Began as a Felid Air Elementalist on Nov 23, 2021.
             Quit the game on level 3 of the Dungeon.
             The game lasted 00:02:01 (2379 turns).

vurker the Gusty (Felid Air Elementalist)           Turns: 2379, Time: 00:02:02

Health: 15/15      AC:  1    Str:  4    XL:     3   Next: 58%
Magic:  17/17      EV: 17    Int: 17    God:
Gold:   62         SH:  0    Dex: 16    Spells: 7/8 levels left
                                        Lives:  0   Deaths: 1

rFire   . . .      SeeInvis +   (weapon unavailable)
rCold   . . .      Faith    .   (shield unavailable)
rNeg    . . .      Spirit   .   (armour unavailable)
rPois   .          Reflect  .   (helmet unavailable)
rElec   .          Harm     .   (cloak unavailable)
rCorr   .          Rampage  .   (gloves unavailable)
Will    .....                   (boots unavailable)
Stlth   ++........              (no amulet)
HPRegen 0.05/turn               c - ring of magical power
MPRegen 0.15/turn               (no ring)

@: quick
A: very small, claws 1, fangs 3, see invisible, speed 1, shaggy fur 1, stealthy
paws, no weapons or thrown items, no armour, multi-lived
a: no special abilities


You were on level 3 of the Dungeon.
You visited 1 branch of the dungeon, and saw 3 of its levels.

You collected 62 gold pieces.

Inventory:

Jewellery
 c - a ring of magical power (left paw)
   (You found it on level 1 of the Dungeon)
Scrolls
 a - 5 scrolls of identify {unknown}
 d - a scroll of magic mapping {unknown}
 f - a scroll of enchant weapon {unknown}
Potions
 b - 2 potions of curing {unknown}
 e - a potion of degeneration {unknown}


   Skills:
 + Level 1.5 Fighting
 - Level 2.6 Dodging
 - Level 2.6 Stealth
 * Level 3.0 Spellcasting
 + Level 1.7 Conjurations
 * Level 3.5 Air Magic


You had 7 spell levels left.
You knew the following spells:

 Your Spells              Type           Power      Damage    Failure   Level
a - Shock                 Conj/Air       44%        1d5       6%          1

Your spell library contained the following spells:

 Spells                   Type           Power      Damage    Failure   Level
 Static Discharge         Conj/Air       11%        N/A       9%          2
 Swiftness                Air            14%        N/A       12%         3
 Airstrike                Air            7%         N/A       38%         4
 Gell's Gravitas          Tloc           2%         N/A       45%         3
 Teleport Other           Tloc           2%         N/A       45%         3
 Dispersal                Tloc           1%         N/A       100%        6


Dungeon Overview and Level Annotations

Branches:
Dungeon (3/15)

Altars:
Elyvilon


Innate Abilities, Weirdness & Mutations

You have sharp claws.
You have razor-sharp teeth.
You have supernaturally acute eyesight. (SInv)
You cover ground quickly. (Speed+)
You are covered in fur. (AC +1)
Your paws help you pounce on unaware monsters.
You are incapable of wielding weapons or throwing items.
You cannot wear armour.
You gain extra lives every three experience levels.


Message History

Aim: a jackal (severely wounded, 60% to hit)
The zap hits the jackal.
You kill the jackal!
You can't see any susceptible monsters within range! (Use Z to cast anyway.)
You can't see any susceptible monsters within range! (Use Z to cast anyway.)
Your magical contamination has completely faded away.
You see here a jackal corpse.
You see here a jackal corpse.
There is an open door here.
There is an open door here.
You open the door. 2 orcs and an orc priest come into view.
There are monsters nearby!
There are monsters nearby!
Aim: an orc, wielding a +0 flail (asleep, 100% to hit)
The zap hits the orc.
The orc shouts!
Aim: an orc, wielding a +0 flail (lightly wounded, 68% to hit)
The zap hits the orc.
Aim: an orc, wielding a +0 flail (heavily wounded, 68% to hit)
The zap hits the orc.
Aim: an orc, wielding a +0 flail (severely wounded, 68% to hit)
The zap hits the orc.
Aim: an orc, wielding a +0 flail (almost dead, 68% to hit)
The zap hits the orc.
You kill the orc!
The zap hits the orc.
Aim: an orc, wielding a +0 club (severely wounded, 68% to hit)
The zap hits the orc.
You kill the orc!
The zap hits the orc priest.
Aim: an orc priest, wielding a +0 club and wearing a +0 chain mail (moderately wounded, 77% to hit)
The zap misses the orc priest.
Aim: an orc priest, wielding a +0 club and wearing a +0 chain mail (moderately wounded, 77% to hit)
The zap hits the orc priest.
The orc priest mumbles some strange prayers to Beogh against you.
Pain shoots through your body!
Ouch! That really hurt!
* * * LOW HITPOINT WARNING * * *
Okay, then.
Aim: an orc priest, wielding a +0 club and wearing a +0 chain mail (heavily wounded, 77% to hit)
The zap hits the orc priest but does no damage.
Aim: an orc priest, wielding a +0 club and wearing a +0 chain mail (heavily wounded, 77% to hit)
The zap hits the orc priest but does no damage.
The orc priest mumbles some strange prayers to Beogh against you.
Beogh smites you!
Ouch! That really hurt!
You die...
You are now level 3!
You rejoin the land of the living...

### #.. ## #.#
#.###.#########
#.#
...............
#.# #....@# #..
##...## ###
##.# #. #.# #
..# #+ #.# .o.
#.# .... ####.#
..... ##.##.#


There were no monsters in sight!

Vanquished Creatures
  Jessica (D:2)
  3 adders
  3 worms
  3 orcs (D:3)
  4 ball pythons
  5 bats
  A giant cockroach (D:2)
  3 goblins
  3 hobgoblins
  4 jackals (D:3)
  5 kobolds
  3 quokkas (D:2)
  2 frilled lizards
  4 rats (D:1)
44 creatures vanquished.

Notes
Turn   | Place    | Note
-------+----------+-------------------------------------------
     0 | D:1      | vurker the Felid Air Elementalist began the quest for the
                  | Orb.
     0 | D:1      | Reached XP level 1. HP: 7/7 MP: 4/4
   146 | D:1      | Reached skill level 1 in Conjurations
   341 | D:1      | Reached XP level 2. HP: 12/12 MP: 0/6
   892 | D:2      | Found a white marble altar of Elyvilon.
  1057 | D:2      | Reached XP level 3. HP: 15/15 MP: 7/7
  1135 | D:2      | Reached skill level 1 in Fighting
  1326 | D:2      | Noticed Jessica
  1329 | D:2      | Killed Jessica
  1518 | D:2      | Reached XP level 4. HP: 19/19 MP: 9/9
  2378 | D:3      | Killed from afar by an orc priest
  2379 | D:3      | Reached XP level 3. HP: -8/15 MP: 11/17
  2379 | D:3      | Quit the game

Illustrated notes

Levels and vault maps discovered:
D:1:      wheals_arrival_shading, layout_rooms
D:2:      layout_loops_ring, basic_altar, uniq_jessica
D:3:      layout_loops_corners, grunt_decor_arrowhead, uniq_ijyb

Skill      XL: |  1  2  3  4 |
---------------+-------------+-----
Conjurations   | 1 |  1.7
Air Magic      | 3 |  3.5
Fighting       | 1 |  1.5
Spellcasting   | 3 |  3.0
Dodging        | |  2.6
Stealth        | |  2.6

Action                   |  1- 3 |  4- 6 || total
-------------------------+-------+-------++-------
Melee: Unarmed           |     2 |       ||     2
 Cast: Shock             |    70 |    59 ||   129
Armor: Skin              |     2 |       ||     2
Dodge: Dodged            |    11 |    20 ||    31

Table legend: (Time is in decaauts)
 A = Elapsed time spent in this place.
 B = Non-inter-level travel time spent in this place.
 C = Inter-level travel time spent in this place.
 D = Time resting spent in this place.
 E = Time spent auto-exploring this place.
 F = Levels seen in this place.
 G = Mean time per level.
                   A        B        C        D        E       F      G
               +--------+--------+--------+--------+--------+-----+--------+
         Total |   2150 |   2129 |     21 |      0 |   1864 |   3 |  716.7 |
       Dungeon |   2150 |   2129 |     21 |      0 |   1864 |   3 |  716.7 |
               +--------+--------+--------+--------+--------+-----+--------+

Top non-repeatable levels by time:
     D:2: 883 daAuts
     D:1: 725 daAuts
     D:3: 541 daAuts
